 Dungeon Crawl Stone Soup version 0.25-a0-287-g56a5b49892 (webtiles) character file.

Game seed: 1332218486629881652, levelgen mode: deterministic

97 D1HalberdGnoll the Ruffian (level 4, -1/36 HPs)
             Began as a Draconian Transmuter on Dec 12, 2019.
             Was an Initiate of Ru.
             Hit by a boomerang thrown by an orc (4 damage)
             ... on level 3 of the Dungeon.
             The game lasted 00:02:43 (1877 turns).

D1HalberdGnoll the Ruffian (Draconian Transmuter)   Turns: 1877, Time: 00:02:44

Health: -1/36      AC:  6    Str: 13    XL:     4   Next: 42%
Magic:  5/7        EV: 11    Int: 13    God:    Ru [......]
Gold:   104        SH:  0    Dex: 12    Spells: 5/8 levels left

rFire    . . .     SeeInvis .     - Unarmed
rCold    . . .     Gourm    .   (no shield)
rNeg     . . .     Faith    .   (armour unavailable)
rPois    .         Spirit   .   (helmet restricted)
rElec    .         Reflect  .   (no cloak)
rCorr    .         Harm     .   (no gloves)
MR       .....                  d - +0 pair of boots
Stlth    +.........             (no amulet)
HPRegen  0.12/turn              (no ring)
MPRegen  0.10/turn              (no ring)

@: drained
A: unfitting armour, cold-blooded, AC +5
a: Renounce Religion


You were on level 3 of the Dungeon.
You worshipped Ru.
Ru was noncommittal.
You were hungry.

You visited 1 branch of the dungeon, and saw 3 of its levels.

You collected 104 gold pieces.

Inventory:

Missiles
 a - 21 arrows
Armour
 d - a +0 pair of boots (worn)
Jewellery
 n - an uncursed ring of protection from fire {unknown}
Wands
 b - a wand of random effects (26)
Scrolls
 g - 2 scrolls of enchant weapon {unknown}
 j - a scroll of magic mapping {unknown}
 k - 3 scrolls of identify {unknown}
 l - a scroll of remove curse {unknown}
Potions
 e - 2 potions of berserk rage {unknown}
 f - a potion of curing {unknown}
 h - a potion of resistance {unknown}
 i - 3 potions of agility {unknown}
 m - a potion of flight {unknown}
 o - a potion of cancellation {unknown}
Comestibles
 c - 3 rations


   Skills:
 + Level 2.2(1.4) Fighting
 - Level 1.7(1.0) Dodging
 * Level 4.1(3.3) Unarmed Combat
 + Level 2.5(1.8) Spellcasting
 + Level 2.7(2.0) Transmutations


You had 5 spell levels left.
You knew the following spells:

 Your Spells              Type           Power        Failure   Level  Hunger
a - Beastly Appendage     Tmut           #.....       12%         1    ##.....
b - Sticks to Snakes      Tmut           #.......     17%         2    ###....

Your spell library contained the following spells:

 Spells                   Type           Power        Failure   Level  Hunger
 Spider Form              Tmut/Pois      #.........   45%         3    ####...
 Ice Form                 Ice/Tmut       #.......     86%         4    #####..
 Blade Hands              Tmut           #.........   97%         5    ######.


Dungeon Overview and Level Annotations

Branches:
Dungeon (3/15)

Altars:
Elyvilon
Ru
Xom

Annotations:
D:3 3 runed translucent doors, caramon's ghost, weakling MiBe


Innate Abilities, Weirdness & Mutations

Your plain brown scales are hard. (AC +5)
You cannot fit into any form of body armour.
You are cold-blooded and may be slowed by cold attacks.


Message History

The weapon returns to the orc!
Casting: Beastly Appendage (safe; 10% risk of failure)
Confirm with . or Enter, or press ? or * to list all spells.
You create a snake!
You now have 21 arrows.
The orc closely misses you.
The orc throws a boomerang.
The boomerang hits you.
The weapon returns to the orc!
You hit the orc. Your headbutt misses the orc.
Your tail-slap misses the orc.
The orc is lightly wounded.
The orc closely misses you.
The orc throws a boomerang.
The boomerang hits you.
* * * LOW HITPOINT WARNING * * *
The weapon returns to the orc!
You barely miss the orc. Your headbutt misses the orc.
The orc is lightly wounded.
Your horns disappear.
The orc hits you with a +1 short sword of draining.
* * * LOW HITPOINT WARNING * * *
You feel drained.
* * * LOW HITPOINT WARNING * * *
The orc throws a boomerang.
The boomerang hits you.
You die...

######### #.......#
############[......#
#..................+
.>.....)...#.....S.#
##.........#...)@o.#
###(.......#####'### #
#.######## #o# #
#.#W..(.# #)#
###.#...(.#..........#
....+.♣...#..).....###
##..+....(#........#
###.+..♣..#?.......# #
#.#(...[#........#


You could see 2 orcs and a friendly ball python.

Vanquished Creatures
  3 adders
  2 worms (D:2)
  A dart slug (D:2)
  A leopard gecko (D:3)
  10 orcs
  6 goblins
  9 hobgoblins
  2 jackals (D:1)
  9 kobolds
  5 bats
  2 frilled lizards
  2 rats (D:1)
52 creatures vanquished.

Notes
Turn   | Place    | Note
-------+----------+-------------------------------------------
     0 | D:1      | D1HalberdGnoll the Draconian Transmuter began the quest for
                  | the Orb.
     0 | D:1      | Reached XP level 1. HP: 16/16 MP: 3/3
   237 | D:1      | Reached XP level 2. HP: 23/23 MP: 3/5
   640 | D:2      | Reached XP level 3. HP: 27/29 MP: 4/6
   681 | D:2      | Found a white marble altar of Elyvilon.
   909 | D:2      | Found a sacrificial altar of Ru.
  1193 | D:2      | Became a worshipper of Ru the Awakened
  1431 | D:2      | Found a shimmering altar of Xom.
  1495 | D:2      | Reached XP level 4. HP: 31/36 MP: 7/7
  1794 | D:3      | Found a runed translucent gate.
  1798 | D:3      | Learned a level 2 spell: Sticks to Snakes
  1798 | D:3      | Found a runed translucent gate.
  1798 | D:3      | Found a runed translucent gate.
  1799 | D:3      | Noticed caramon's ghost (weakling MiBe)
  1834 | D:3      | Reached skill level 4 in Unarmed Combat
  1877 | D:3      | Hit by a boomerang thrown by an orc

Levels and vault maps discovered:
D:1:      dpeg_arrival_refuge, layout_basic, minmay_misc_feat_nine_boxes
D:2:      layout_basic, nicolae_overflow_crystal_walls, nicolae_ru_awakened_eye,
          xom_butterflies, first_ration
D:3:      layout_basic, ebering_ghost_rock_garden

Skill      XL: |  1  2  3  4 |
---------------+-------------+-----
Fighting       | 2 |  2.2
Unarmed Combat | 4 |  4.1
Dodging        | |  1.7
Spellcasting   | |  2.5
Transmutations | |  2.7

Action                   |  1- 3 |  4- 6 || total
-------------------------+-------+-------++-------
Melee: Unarmed           |   128 |    32 ||   160
       Headbutt          |    10 |     4 ||    14
       Tailslap          |     7 |     1 ||     8
       Punch             |     1 |       ||     1
 Cast: Beastly Appendage |    13 |     2 ||    15
       Sticks to Snakes  |       |     3 ||     3
Evoke: Wand              |       |     1 ||     1
  Eat: Chunk             |     2 |     1 ||     3
Armor: Skin              |    33 |    10 ||    43
Dodge: Dodged            |    71 |    26 ||    97

Table legend:
 A = Non-vault XP
 B = Vault XP
 C = Vault XP percentage of total XP
 D = Non-vault monster count
 E = Vault monster count
 F = Vault count percentage of total count
                 A         B        C        D         E       F
            +---------+---------+-------+---------+---------+-------
      Total |     139 |       0 |   0.0 |      52 |       0 |   0.0
            +---------+---------+-------+---------+---------+-------
        D:1 |      30 |       0 |   0.0 |      19 |       0 |   0.0
        D:2 |      67 |       0 |   0.0 |      21 |       0 |   0.0
        D:3 |      42 |       0 |   0.0 |      12 |       0 |   0.0
            +---------+---------+-------+---------+---------+-------
